 Dungeon Crawl Stone Soup version 0.31-a0-267-g3fc6992b3b (webtiles) character file.

Game seed: 14499323632189237557

116732 RonaldoGOATsiuu the Severer (level 16, -38/138 HPs)
             Began as a Demonspawn Fighter on July 14, 2023.
             Was a High Priest of Okawaru.
             Blown up by an orb spider (51 damage)
             ... with an orb of destruction
             ... on level 2 of the Spider Nest.
             The game lasted 00:43:33 (32150 turns).

RonaldoGOATsiuu the Severer (Demonspawn Fighter)   Turns: 32150, Time: 00:43:34

Health: -38/138    AC: 31    Str: 24    XL:     16   Next: 21%
Magic:  25/25      EV:  7    Int: 11    God:    Okawaru [*****.]
Gold:   194        SH:  0    Dex: 15    Spells: 15/15 levels left

rFire   + . .        d - +9 war axe (vamp)
rCold   + . .        b - +2 tower shield
rNeg    + . .        g - +5 plate armour {Will+}
rPois   +            (helmet unavailable)
rElec   .            C - scarf {rC+ rF+}
rCorr   .            I - +2 pair of gloves
SInv    .            w - +0 pair of boots "Qaqom" {rN+ Dex+3}
Will    +++..        A - amulet of reflection
Stlth   x              - ring of poison resistance
HPRegen 0.43/turn    F - ring of willpower
MPRegen 0.19/turn

%: reflection
@: confused, mighty, sanguine armoured
A: horns 3, (demonic guardian 1), powered by pain 3, sanguine armour 1
a: Renounce Religion, Heroism, Finesse, Duel


You were on level 2 of the Spider Nest.
You worshipped Okawaru.
Okawaru was extremely pleased with you.
You visited 6 branches of the dungeon, and saw 26 of its levels.
You visited the Abyss 1 time.
You also visited: Sewer, Bailey and Gauntlet.

You collected 2453 gold pieces.
You spent 2259 gold pieces at shops.

Inventory:

Hand Weapons
 d - a +9 vampiric war axe (weapon)
 O - a +1 broad axe of flaming
 U - the +1 broad axe "Fiefauress" {speed, rElec rC- Will+ Str+3}
   (Okawaru gifted it to you on level 15 of the Dungeon)

   Str:       It affects your strength (+3).
   rC:        It makes you vulnerable to cold.
   rElec:     It insulates you from electricity.
   Will:      It increases your willpower.
 Y - a +5 demon blade
Armour
 b - a +2 tower shield (worn)
 g - a +5 plate armour of willpower (worn)
 w - the +0 pair of boots "Qaqom" (worn) {rN+ Dex+3}
   (Okawaru gifted it to you on level 2 of the Orcish Mines)

   Dex:       It affects your dexterity (+3).
   rN:        It protects you from negative energy.
 y - a +2 hat of stealth
 C - a scarf of resistance (worn)
 I - a +2 pair of gloves (worn)
 L - a +2 buckler
 Q - the +1 cloak of Poor Excuses {+Inv rF- Str-3 Dex+7}
   (Okawaru gifted it to you on level 3 of the Lair of Beasts)

   Str:       It affects your strength (-3).
   Dex:       It affects your dexterity (+7).
   rF:        It makes you vulnerable to fire.
   +Inv:      It lets you turn invisible.
 V - a +0 cloak of poison resistance
Jewellery
 c - a +4 ring of protection
 i - a ring of positive energy
 x - a ring of poison resistance (left hand)
 A - an amulet of reflection (around neck)
 B - a ring of resist corrosion
 E - an amulet of regeneration
 F - a ring of willpower (right hand)
 H - a ring of ice
 W - a +6 ring of intelligence
 X - the amulet "Wisyet" {Acrobat Str+5}
   (You found it in a Gauntlet)

   [amulet of the acrobat]

   It increases your evasion while moving and waiting.
   Str:       It affects your strength (+5).
Wands
 l - a wand of polymorph (24)
 q - a wand of quicksilver (11)
 N - a wand of flame (25)
 Z - a wand of mindburst (10)
Scrolls
 a - 6 scrolls of revelation
 e - 3 scrolls of immolation
 j - a scroll of silence
 k - 3 scrolls of poison
 m - 6 scrolls of fear
 u - 2 scrolls of butterflies
 D - 9 scrolls of teleportation
 G - a scroll of brand weapon
 J - 3 scrolls of fog
 K - 5 scrolls of amnesia
 T - a scroll of blinking
Potions
 f - 5 potions of lignification
 h - 6 potions of haste
 n - 13 potions of curing
 o - 2 potions of invisibility
 p - 5 potions of attraction
 r - 2 potions of cancellation
 s - 9 potions of mutation
 t - 2 potions of brilliance
 v - a potion of enlightenment
 z - 3 potions of heal wounds
 M - 2 potions of magic
 P - a potion of berserk rage
 R - 2 potions of degeneration
 S - 2 potions of might


   Skills:
 + Level 16.0 Fighting
 + Level 16.6 Axes
 + Level 12.0 Armour
 - Level 3.1 Dodging
 - Level 1.3 Stealth
 + Level 10.3 Shields
 - Level 13.3 Invocations


You had 15 spell levels left.
You didn't know any spells.
Your spell library contained the following spells:

 Spells                   Type           Power      Damage    Failure   Level
 Apportation              Tloc           0%         N/A       100%        1
 Foxfire                  Conj/Fire      0%         2x1d4     100%        1
 Magic Dart               Conj           0%         1d3       100%        1
 Slow                     Hex            0%         N/A       100%        1
 Cigotuvi's Dreadful Rot  Necr/Pois/Air  0%         N/A       100%        2
 Ensorcelled Hibernation  Hex/Ice        0%         N/A       100%        2
 Passwall                 Tmut/Erth      0%         N/A       100%        2
 Poisonous Vapours        Pois/Air       0%         N/A       100%        2
 Searing Ray              Conj           0%         2d4       100%        2
 Confusing Touch          Hex            0%         N/A       100%        3
 Dazzling Flash           Conj/Hex       0%         N/A       100%        3
 Ignite Poison            Fire/Tmut/Pois 0%         N/A       100%        3
 Mephitic Cloud           Conj/Pois/Air  0%         N/A       100%        3
 Ozocubu's Armour         Ice            0%         N/A       100%        3
 Swiftness                Air            0%         N/A       100%        3
 Vampiric Draining        Necr           0%         2d6       100%        3
 Vhi's Electric Charge    Tloc/Air       0%         N/A       100%        3
 Dispel Undead            Necr           0%         3d6       100%        4
 Fulminant Prism          Conj/Hex       0%         3d5       100%        4
 Sticky Flame             Conj/Fire      0%         2d3       100%        4
 Agony                    Necr           0%         N/A       100%        5
 Alistair's Intoxication  Tmut/Pois      0%         N/A       100%        5
 Arcjolt                  Conj/Air       0%         1d10      100%        5
 Freezing Cloud           Conj/Ice/Air   0%         6-21      100%        5
 Metabolic Englaciation   Hex/Ice        0%         N/A       100%        5
 Silence                  Hex/Air        0%         N/A       100%        5
 Eringya's Noxious Bog    Tmut/Pois      0%         4d6       100%        6
 Starburst                Conj/Fire      0%         6d3       100%        6
 Enfeeble                 Hex            0%         N/A       100%        7
 Ignition                 Fire           0%         3d3       100%        8
 Maxwell's Capacitive Co  Air            0%         ∞         100%        8
 Summon Small Mammal      Summ           Unusable   N/A       N/A         1
 Call Canine Familiar     Summ           Unusable   N/A       N/A         3
 Summon Guardian Golem    Hex/Summ       Unusable   N/A       N/A         3
 Summon Forest            Summ/Tloc      Unusable   N/A       N/A         5
 Summon Mana Viper        Hex/Summ       Unusable   N/A       N/A         5
 Death Channel            Necr           Unusable   N/A       N/A         6
 Simulacrum               Ice/Necr       Unusable   N/A       N/A         6
 Summon Hydra             Summ           Unusable   N/A       N/A         7

Dungeon Overview and Level Annotations

Branches:
Dungeon (15/15)            Temple (1/1) D:6            Lair (5/5) D:9
 Shoals (0/4) Lair:2       Spider (2/4) Lair:2        Slime (0/5) Lair:5
    Orc (2/2) D:9             Elf (1/3) Orc:2        Vaults (0/5) D:13
 Depths (0/4) D:15          Sewer (visited)          Bailey (visited)
Gauntlet (visited)

Altars:
Ashenzari
Cheibriados
Dithmenos
Fedhas
Gozag
Hepliaklqana
Kikubaaqudgha
Makhleb
Nemelex Xobeh
Okawaru
Qazlal
Ru
Sif Muna
Trog
Uskayaw
Vehumet
Wu Jian
Xom
Yredelemnul
Jiyva

Shops:
D:1 :   D:5 *   D:10 ?   D:15 [*?[!   Orc:2 (:?!?

Annotations:
D:4 3 runed translucent doors, British0li's ghost, weakling DsDe
D:7 exclusion: oklob plant
Lair:3 3 runed translucent doors, blacky4's ghost, journeyman DsIE
Lair:5 exclusion: 2 oklob plants
Orc:1 Jorgrun; Sonja


Innate Abilities, Weirdness & Mutations

You have a pair of large horns on your head.
((A weak demonic guardian rushes to your aid.))
You are powered by pain.
When seriously injured, your blood forms armour. (AC +6)


Message History

The jumping spider pounces on you but does no damage.
The jumping spider barely misses you.
The tarantella touches you but does no damage.
The culicivora bites you.
The culicivora draws strength from your injuries!
Unknown command.
Unknown command.
You bump into the rock wall.
The jumping spider pounces on you but does no damage.
The jumping spider closely misses you.
The tarantella touches you but does no damage.
The orb spider is healed somewhat.
The jumping spider pounces on you but does no damage.
The jumping spider bites you.
The tarantella touches you but does no damage.
The culicivora bites you!
* * * LOW HITPOINT WARNING * * *
The culicivora draws strength from your injuries!
You slash the tarantella!
The tarantella is heavily wounded.
You slash the jumping spider!
You feel better.
You kill the jumping spider!
Okawaru accepts your kill.
You slash the culicivora!
The orb spider weaves a glowing orb of energy.
The culicivora bites you!
* * * LOW HITPOINT WARNING * * *
The culicivora draws strength from your injuries!
The tarantella touches you!
* * * LOW HITPOINT WARNING * * *
You are more confused.
An orb of destruction comes into view.
You are too confused!
You feel much better. The culicivora bites you!
* * * LOW HITPOINT WARNING * * *
The culicivora draws strength from your injuries!
The jumping spider leaps!
The tarantella touches you!
* * * LOW HITPOINT WARNING * * *
The orb of destruction hits you!!!
You die...

.
##.........#....##)....
..
#.......#......###.....
...
#.........##.####^.....
....###..††.s>..#.#
#......
#.°..........#.##
##.....
###...####...##.#
##....
#...#########.#######..
##.....### ####..###..
#.....s@.# #^...#..
#..s..s○.# ##....##
#.......☼.# #......
..........s# ##.....
.#.........## ##.... .
#.........# #....
#.........# ##...
^......... #..# ##.#


You could see an orb spider, a culicivora, a jumping spider and a tarantella.

Vanquished Creatures
  A tentacled monstrosity (Abyss:1)
  Gastronok (D:9)
  2 tentacled starspawn (Abyss:1)
  A frost giant (D:15)
  3 orc warlords
  Louise (D:14)
  Nessos (D:14)
  A minotaur (Gauntlet)
  A blizzard demon (Abyss:1)
  An ettin (Orc:1)
  2 entropy weavers
  Fannar (D:11)
  A catoblepas (Lair:5)
  A jorogumo (Spider:1)
  2 centaur warriors (D:13)
  2 dancing weapons (D:13)
  A deep troll shaman (Lair:5)
  3 boulder beetles
  6 death yaks (Lair:5)
  4 tengu warriors
  6 two-headed ogres
  A demonic crawler (Spider:2)
  8 orc high priests
  Urug (D:10)
  2 deep elf knights (Elf:1)
  A soul eater (Abyss:1)
  2 sun demons (Abyss:1)
  A skyshark (Lair:5)
  A sun moth (Spider:2)
  An orb spider (Spider:1)
  A glowing orange brain (shapeshifter) (Abyss:1)
  A wizard (Gauntlet)
  A deep elf archer (Elf:1)
  3 harpies (Lair:2)
  A deep elf pyromancer (Elf:1)
  3 lindwurms
  Pikel (D:6)
  6 orc knights
  7 deep elf zephyrmancers
  12 ugly things
  3 wolf spiders (Spider:1)
  5 cyclopes
  6 oklob plants
  A manticore (D:12)
  A worldbinder (Abyss:1)
  A centaur zombie (Abyss:1)
  3 moths of wrath
  16 elephants
  3 torpor snails
  A smoke demon (Abyss:1)
  5 black mambas
  7 cane toads
  3 gargoyles
  A rime drake (Lair:4)
  An unseen horror (Abyss:1)
  An efreet (D:12)
  A yaktaur (D:15)
  2 tengu conjurers
  A freezing wraith (D:14)
  9 komodo dragons
  2 ancient zymes (Abyss:1)
  7 trolls
  5 polar bears
  2 hornets
  4 tarantellas
  13 jumping spiders
  5 dream sheep
  4 raiju
  11 blink frogs
  4 flying skulls (Abyss:1)
  A large abomination (Abyss:1)
  Sigmund (D:3)
  2 vampires (D:6)
  13 culicivoras
  12 slime creatures
  A spriggan (shapeshifter) (D:12)
  3 wraiths
  11 basilisks
  3 wyverns
  40 yaks
  3 steam dragons
  9 vampire mosquitoes
  Grum (D:8)
  6 small abominations (Abyss:1)
  19 redbacks
  8 wargs
  An acid dragon (D:10)
  Edmund (D:5)
  16 water moccasins
  3 sky beasts
  25 orc warriors
  6 ice beasts
  4 black bears
  12 ogres
  13 wolves
  3 centaurs
  2 kobold brigands
  A phantom (D:5)
  4 scorpions
  19 bullfrogs
  An earth elemental (Elf:1)
  2 wights (Abyss:1)
  5 killer bees (D:10)
  3 howler monkeys
  4 electric eels (Lair:5)
  A quasit (Abyss:1)
  A hound (D:5)
  An iron imp (Abyss:1)
  4 jellies
  28 orc priests
  A gnoll bouda (D:6)
  2 iguanas (D:6)
  A sleepcap (D:7)
  21 orc wizards
  7 gnolls
  9 adders
  A naga simulacrum (D:11)
  5 river rats (Sewer)
  5 white imps
  3 ufetubi
  A worm (D:2)
  3 dart slugs
  87 orcs
  18 ball pythons
  7 bats
  6 endoplasms
  2 giant cockroaches (D:1)
  11 goblins
  6 hobgoblins
  2 jackals (D:2)
  2 quokkas
  3 frilled lizards
  6 kobolds
  27 rats
753 creatures vanquished.

Vanquished Creatures (collateral kills)
  A gnoll sergeant (D:7)
  A river rat (Sewer)
2 creatures vanquished.

Vanquished Creatures (others)
  A deep elf knight (Elf:1)
  2 bullfrogs (D:7)
  An orc (Orc:1)
  A lurking horror (Abyss:1)
  6 starspawn tentacles (Abyss:1)
11 creatures vanquished.

Grand Total: 766 creatures vanquished

Notes
Turn   | Place    | Note
-------+----------+-------------------------------------------
     0 | D:1      | RonaldoGOATsiuu the Demonspawn Fighter began the quest for
                  | the Orb.
     0 | D:1      | Reached XP level 1. HP: 18/18 MP: 1/1
    92 | D:1      | Gained mutation: You sometimes gain a little power by
                  | taking damage. [demonic ancestry]
    92 | D:1      | Reached XP level 2. HP: 19/24 MP: 2/2
   137 | D:1      | Found Komm's Book Boutique.
   592 | D:1      | Reached XP level 3. HP: 11/29 MP: 3/3
  2069 | D:3      | Found a faded altar of an unknown god.
  2142 | D:3      | Noticed Sigmund
  2171 | D:3      | Killed Sigmund
  2172 | D:3      | Reached skill level 1 in Dodging
  2172 | D:3      | Reached XP level 4. HP: 17/36 MP: 4/4
  2172 | D:3      | Reached XP level 5. HP: 19/41 MP: 5/5
  2785 | D:4      | Found a runed translucent gate.
  2961 | D:4      | Noticed an ogre
  2970 | D:4      | Killed an ogre
  2971 | D:4      | Reached XP level 6. HP: 39/48 MP: 6/6
  3102 | D:4      | Noticed an ice beast
  3117 | D:4      | Killed an ice beast
  3291 | D:4      | Found a runed translucent gate.
  3291 | D:4      | Found a runed translucent gate.
  3389 | D:4      | Found an opulent altar of Gozag.
  3391 | D:4      | Noticed British0li's ghost (weakling DsDe)
  3868 | D:5      | Entered Level 5 of the Dungeon
  3947 | D:5      | Gained mutation: A weak demonic guardian rushes to your
                  | aid. [demonic ancestry]
  3947 | D:5      | Reached XP level 7. HP: 51/54 MP: 7/7
  4044 | D:5      | Reached skill level 5 in Axes
  4184 | D:5      | Found a glowing drain.
  4188 | Sewer    | Entered a sewer
  5135 | D:5      | Noticed Edmund
  5142 | D:5      | Killed Edmund
  5143 | D:5      | Gained mutation: You sometimes gain power by taking damage.
                  | [demonic ancestry]
  5143 | D:5      | Reached XP level 8. HP: 47/61 MP: 8/8
  5420 | D:5      | Found Xyqiatox's General Store.
  5438 | D:5      | Reached skill level 5 in Armour
  5524 | D:5      | Found a snail-covered altar of Cheibriados.
  5525 | D:5      | Found a hide-covered altar of Uskayaw.
  5837 | D:6      | Reached skill level 5 in Fighting
  6445 | D:7      | Identified the +5 whip of Focharov {protect, rElec rPois
                  | Int+2 Dex-3}
  6591 | D:6      | Gained mutation: When seriously injured, your blood forms
                  | armour. (AC +6) [demonic ancestry]
  6591 | D:6      | Reached XP level 9. HP: 60/68 MP: 9/9
  6684 | D:6      | Reached skill level 1 in Stealth
  6851 | D:6      | Noticed Pikel
  6859 | D:6      | Killed Pikel
  6936 | D:6      | Noticed a two-headed ogre
  6942 | D:6      | Killed a two-headed ogre
  7346 | D:6      | Found a staircase to the Ecumenical Temple.
  8132 | D:7      | Gained mutation: You are powered by pain. [demonic
                  | ancestry]
  8132 | D:7      | Reached XP level 10. HP: 77/77 MP: 10/10
  8190 | D:7      | Noticed a two-headed ogre
  8190 | D:7      | Noticed a cyclops
  8190 | D:7      | Noticed a two-headed ogre
  8192 | D:7      | Noticed a cyclops
  8367 | D:7      | Noticed a white ugly thing
  8519 | D:7      | Killed a cyclops
  8526 | D:7      | Killed a two-headed ogre
  8527 | D:7      | Reached skill level 10 in Axes
  8730 | D:7      | Found a radiant altar of Vehumet.
  8769 | D:7      | Killed a two-headed ogre
  8932 | D:7      | Found a blossoming altar of Fedhas.
  8950 | D:7      | Noticed an oklob plant
  9305 | Temple   | Entered the Ecumenical Temple
  9485 | Temple   | Became a worshipper of Warmaster Okawaru
  9546 | D:7      | Killed a white ugly thing
 10064 | D:7      | Killed a cyclops
 10064 | D:7      | Reached * piety under Okawaru
 10262 | D:8      | Found an ancient bone altar of Kikubaaqudgha.
 10267 | D:8      | Noticed Grum
 10277 | D:8      | Killed Grum
 10467 | D:8      | Found a flagged portal.
 10517 | Bailey   | Entered a bailey
 10847 | D:8      | Identified the +1 robe of Pypt {rPois rC+ Dex+2 SInv}
 10864 | D:8      | Reached XP level 11. HP: 86/89 MP: 11/11
 10963 | D:8      | Paralysed by a hornet for 3 turns
 11324 | D:9      | Reached skill level 10 in Fighting
 11326 | D:9      | Reached ** piety under Okawaru
 11487 | D:9      | Noticed Gastronok
 11502 | D:9      | Killed Gastronok
 11690 | D:9      | Found a staircase to the Orcish Mines.
 11717 | D:9      | Noticed a two-headed ogre
 11726 | D:9      | Killed a two-headed ogre
 11727 | D:9      | Reached skill level 1 in Invocations
 11909 | D:9      | Found a staircase to the Lair.
 12208 | D:10     | Entered Level 10 of the Dungeon
 12208 | D:10     | Found Xaeck's Magic Scroll Shoppe.
 12220 | D:10     | Bought a scroll of enchant armour for 97 gold pieces
 12220 | D:10     | Bought a scroll of teleportation for 39 gold pieces
 12635 | D:10     | Reached *** piety under Okawaru
 12715 | D:10     | Noticed a two-headed ogre
 12724 | D:10     | Killed a two-headed ogre
 13102 | D:11     | Noticed Fannar
 13106 | D:11     | Noticed a two-headed ogre
 13282 | Orc:1    | Entered Level 1 of the Orcish Mines
 13381 | Orc:1    | Noticed an ettin
 13405 | Orc:1    | Killed an ettin
 13698 | D:11     | Noticed Urug
 13716 | D:10     | Killed Urug
 13717 | D:10     | Gained mutation: You have a pair of small horns on your
                  | head. [demonic ancestry]
 13717 | D:10     | Reached XP level 12. HP: 67/100 MP: 15/15
 14142 | D:11     | Killed Fannar
 14143 | D:11     | Reached skill level 5 in Shields
 14238 | D:11     | Reached skill level 5 in Invocations
 14238 | D:11     | Reached **** piety under Okawaru
 14261 | D:11     | Killed a two-headed ogre
 14898 | D:12     | Found an iron altar of Okawaru.
 15408 | D:12     | Found an ornate altar of the Wu Jian Council.
 15596 | D:13     | Found a gate to the Vaults.
 15599 | D:13     | Reached ***** piety under Okawaru
 15801 | Lair:1   | Entered Level 1 of the Lair of Beasts
 16032 | Lair:1   | Received a gift from Okawaru
 16334 | Lair:1   | Reached XP level 13. HP: 111/111 MP: 18/18
 17047 | Lair:2   | Found a staircase to the Shoals.
 17198 | Lair:2   | Found a hole to the Spider Nest.
 17325 | Lair:2   | Reached skill level 10 in Armour
 17839 | Lair:3   | Identified the +1 cloak of Poor Excuses {+Inv rF- Str-3
                  | Dex+7} (Okawaru gifted it to you on level 3 of the Lair of
                  | Beasts)
 17839 | Lair:3   | Received a gift from Okawaru
 18038 | Lair:3   | Found a runed translucent gate.
 18039 | Lair:3   | Found a runed translucent gate.
 18738 | Lair:3   | Found a runed translucent gate.
 18739 | Lair:3   | Noticed blacky4's ghost (journeyman DsIE)
 19328 | Lair:4   | Reached ****** piety under Okawaru
 19809 | Lair:5   | Entered Level 5 of the Lair of Beasts
 19825 | Lair:5   | Reached skill level 10 in Invocations
 19931 | Lair:5   | Found a gate leading to a gauntlet.
 19940 | Gauntlet | Entered a Gauntlet
 19940 | Gauntlet | Found a transporter.
 19940 | Gauntlet | Found a transporter.
 19940 | Gauntlet | Found a transporter.
 19976 | Gauntlet | Found a transporter.
 19979 | Gauntlet | Found a transporter.
 19979 | Gauntlet | Found a transporter.
 19981 | Gauntlet | Found a large runed translucent door.
 19982 | Gauntlet | Found a large runed translucent door.
 19983 | Gauntlet | Found a large runed translucent door.
 19983 | Gauntlet | Found a large runed translucent door.
 19984 | Gauntlet | Found a large runed translucent door.
 19985 | Gauntlet | Found a large runed translucent door.
 19986 | Gauntlet | Found a runed translucent door.
 19986 | Gauntlet | Found a large runed translucent door.
 19986 | Gauntlet | Found a large runed translucent door.
 19987 | Gauntlet | Found a runed translucent gate.
 19989 | Gauntlet | Found a transporter.
 19993 | Gauntlet | Found a transporter.
 20005 | Gauntlet | Found a transporter.
 20097 | Gauntlet | Found a large runed translucent door.
 20098 | Gauntlet | Found a large runed translucent door.
 20099 | Gauntlet | Found a large runed translucent door.
 20099 | Gauntlet | Found a large runed translucent door.
 20099 | Gauntlet | Found a runed translucent door.
 20100 | Gauntlet | Found a large runed translucent door.
 20101 | Gauntlet | Found a large runed translucent door.
 20102 | Gauntlet | Found a large runed translucent door.
 20102 | Gauntlet | Found a large runed translucent door.
 20103 | Gauntlet | Found a runed translucent gate.
 20103 | Gauntlet | Found a runed translucent gate.
 20105 | Gauntlet | Found a transporter.
 20109 | Gauntlet | Found a transporter.
 20119 | Gauntlet | Found a transporter.
 20294 | Gauntlet | Gained mutation: You have a pair of horns on your head.
                  | [demonic ancestry]
 20294 | Gauntlet | Reached XP level 14. HP: 106/120 MP: 21/21
 20435 | Gauntlet | Identified the +3 orcbow "Xeaxowekk" {speed, Fly rPois rN+
                  | Int-2}
 20458 | Gauntlet | Identified the amulet "Wisyet" {Acrobat Str+5}
 20536 | Lair:5   | Received a gift from Okawaru
 20875 | Lair:5   | Reached skill level 15 in Axes
 21159 | Lair:5   | Got the Compilation of Enchanting Oxidation
 21789 | Lair:5   | Found a viscous altar of Jiyva.
 21791 | Lair:5   | Found a staircase to the Slime Pits.
 22378 | Orc:2    | Entered Level 2 of the Orcish Mines
 23277 | Orc:2    | Received a gift from Okawaru
 23558 | Orc:2    | Noticed an orc warlord
 23609 | Orc:1    | Killed an orc warlord
 23718 | Orc:2    | Noticed an orc warlord
 24049 | Orc:2    | Noticed an orc warlord
 24759 | Orc:1    | Killed an orc warlord
 24797 | Orc:2    | Killed an orc warlord
 25247 | Orc:2    | Found Jileri's Distillery.
 25266 | Orc:2    | Found Gienow's Magic Scroll Shoppe.
 25282 | Orc:2    | Bought a scroll of enchant weapon for 82 gold pieces
 25282 | Orc:2    | Bought a scroll of acquirement for 572 gold pieces
 25282 | Orc:2    | Bought a scroll of blinking for 82 gold pieces
 25282 | Orc:2    | Acquired a +0 broad axe of flaming
 25296 | Orc:2    | Bought 2 potions of mutation for 256 gold pieces
 25296 | Orc:2    | Bought a potion of mutation for 128 gold pieces
 25296 | Orc:2    | Bought a potion of cancellation for 128 gold pieces
 25326 | Orc:2    | Found Muicw's Magic Scroll Shoppe.
 25330 | Orc:2    | Found Medienas's Book Shop.
 25343 | Orc:2    | Identified the +0 pair of boots "Qaqom" {rN+ Dex+3}
                  | (Okawaru gifted it to you on level 2 of the Orcish Mines)
 25343 | Orc:2    | Received a gift from Okawaru
 25345 | Orc:2    | Reached skill level 15 in Fighting
 25354 | Orc:2    | Reached XP level 15. HP: 82/129 MP: 24/24
 25369 | Orc:2    | Bought a scroll of enchant weapon for 112 gold pieces
 25369 | Orc:2    | Bought a scroll of enchant armour for 112 gold pieces
 25644 | Orc:2    | Found Icluteel's Weapon Shop.
 25731 | Orc:2    | Found a staircase to the Elven Halls.
 25954 | Orc:1    | Noticed Sonja
 25954 | Orc:1    | Noticed Jorgrun
 25961 | Abyss:1  | Cast into level 1 of the Abyss (Sonja)
 26534 | Abyss:1  | Noticed a tentacled starspawn
 26545 | Abyss:1  | Killed a tentacled starspawn
 26573 | Abyss:1  | Noticed a tentacled starspawn
 26750 | Abyss:1  | Noticed a tentacled starspawn
 27029 | Abyss:1  | Noticed a lich
 27203 | Abyss:1  | Noticed a tentacled starspawn
 27210 | Abyss:1  | Killed a tentacled starspawn
 27316 | Abyss:1  | Noticed a tentacled monstrosity
 27327 | Abyss:1  | Killed a tentacled monstrosity
 27336 | Orc:1    | Escaped the Abyss
 28659 | D:14     | Noticed Louise
 28682 | D:14     | Killed Louise
 28873 | D:14     | Found an opulent altar of Gozag.
 29014 | D:14     | Noticed Nessos
 29021 | D:14     | Killed Nessos
 29411 | D:15     | Entered Level 15 of the Dungeon
 29499 | D:15     | Found a staircase to the Depths.
 29499 | D:15     | Noticed a frost giant
 29508 | D:15     | Killed a frost giant
 29662 | D:15     | Identified the +1 broad axe "Fiefauress" {speed, rElec rC-
                  | Will+ Str+3} (Okawaru gifted it to you on level 15 of the
                  | Dungeon)
 29662 | D:15     | Received a gift from Okawaru
 29736 | D:15     | Found Edoegh's Assorted Antiques.
 29750 | D:15     | Bought a potion of heal wounds for 120 gold pieces
 29765 | D:15     | Found Etojiq's Antique Armour Shoppe.
 29873 | D:15     | Found Nizitz's Magic Scroll Boutique.
 29879 | D:15     | Bought a scroll of fear for 60 gold pieces
 29879 | D:15     | Bought a scroll of fear for 60 gold pieces
 29879 | D:15     | Bought a scroll of enchant armour for 112 gold pieces
 29879 | D:15     | Bought a scroll of silence for 142 gold pieces
 29879 | D:15     | Bought a scroll of enchant armour for 112 gold pieces
 29879 | D:15     | Bought a scroll of teleportation for 45 gold pieces
 30056 | D:15     | Found Qivehil's Antique Armour Shop.
 30091 | D:15     | Found Wagumn's Distillery.
 30325 | Elf:1    | Entered Level 1 of the Elven Halls
 30787 | Spider:1 | Entered Level 1 of the Spider Nest
 30908 | Lair:2   | Gained mutation: You have a pair of large horns on your
                  | head. [demonic ancestry]
 30908 | Lair:2   | Reached XP level 16. HP: 97/137 MP: 25/25
 31534 | Spider:1 | Identified the +2 pair of boots of Shielding {Rampage +Inv
                  | rN+ Dex-5} (Okawaru gifted it to you on level 1 of the
                  | Spider Nest)
 31534 | Spider:1 | Received a gift from Okawaru
 31545 | Spider:1 | Reached skill level 10 in Shields
 32150 | Spider:2 | Blown up by an orb spider

Illustrated notes

Levels and vault maps discovered:
D:1:      spicycebolla_green_bress_n_ham, layout_loops_ring, serial_shops, shop
D:2:      layout_basic
D:3:      layout_loops_ring, shapermc_ecumenical_altar_acropolis,
          roderic_serpentine_path, uniq_sigmund
D:4:      layout_gridville, ebering_ghost_gozag, minmay_pentangle
D:5:      layout_loops_cross, grunt_temple_overflow_open, serial_shops, shop,
          gup_sewer_entry_bowl, uniq_edmund
D:6:      layout_loops_corners, zin_scriptorium,
          minmay_temple_entry_from_below_b, minmay_strange_pillars, st_stairs_4,
          minmay_manual_mess, uniq_pikel
D:7:      minmay_the_grid_plus_closed [minmay_the_grid_embedded,
          minmay_the_grid_garden, minmay_the_grid_spikes,
          minmay_the_grid_holed_spiral, minmay_the_grid_prize_trominoes],
          layout_cave_pools, tgw_fedhas,
          mainiacjoe_overflow_concentric_impassable, item_on_display_a
D:8:      layout_basic, overflow_temple_1_default, enter_bailey_5, uniq_grum
D:9:      layout_rooms, grunt_lair_entry_orc_guard_hut, uniq_gastronok
D:10:     layout_rooms, serial_shops, nicolae_shop_tiny_statue_garden,
          serial_curves, eino_curves_04, eino_curves_02, eino_curves_01,
          corexii_hall_statues_t, hex_medium, kennysheep_generic_room_6
D:11:     layout_cave_pools, portal_ice_cave_entry_ice_simulacra, uniq_fannar,
          uniq_urug
D:12:     layout_roguey, hangedman_feature_mirror
D:13:     layout_loops_corners, erik_vaults_1
D:14:     layout_cave_pods, grunt_gozag_statues, uniq_nessos, uniq_louise
D:15:     grunt_enter_depths_snipers, layout_long_grid, serial_shops,
          nicolae_shop_overgrown_old_shop, shop, shop, nicolae_shop_stone,
          nicolae_shop_real_fake_doors, serial_glass, glass_columns_c,
          glass_columns_a, glass_columns_b, glass_columns_a
Temple:   eino_temple_scatter_basement
Lair:1:   minmay_lair_oklob_tunnel, layout_regular_city, minmay_lair_oklob_items
Lair:2:   layout_hall_layers, nicolae_shoals_entry_roost,
          hellmonk_spider_entry_life_and_decay, chequers_serial_rivers_large_b,
          st_stairs_13, chequers_serial_rivers_micro_c, beast_lair_carwin_4
Lair:3:   layout_big_grid, gammafunk_ghost_hydra_chop
Lair:4:   layout_regular_city, minivault_11, kennysheep_basilisk_garden
Lair:5:   grunt_lair_end_beastmaster, layout_regular_city,
          minmay_slime_entry_oklob_enclosed, gauntlet_entry_generic,
          disabler_island, grunt_megastairs_3, infiniplex_staircase_pool
Spider:1: layout_spider_delve
Spider:2: layout_chambers
Orc:1:    layout_caves, uniq_sonja, uniq_erolcha, uniq_jorgrun
Orc:2:    st_orc_town, layout_caves, serial_shops, nicolae_shop_behind_doors,
          basic_altar, minmay_orc_treasury
Elf:1:    eino_elf_arrival_shootout, layout_loops_ring, enter_trove_2,
          kennysheep_underground_church, minmay_crystal_room, billiards_dpeg,
          uniq_agnes

Skill      XL: |  1  2  3  4  5  6  7  8  9 10 11 12 13 14 15 16 |
---------------+-------------------------------------------------+-----
Axes           | 2 3 4 6 7 9 11 12 13 14 15 16 | 16.6
Shields        | 3 4 5 6 8 9 10 | 10.3
Armour         | 3 4 5 6 7 9 10 11 12 | 12.0
Dodging        | 1 2 3 |  3.1
Fighting       | 4 5 6 9 11 13 14 15 16 | 16.0
Stealth        | 1 |  1.3
Invocations    | 4 7 10 12 13 | 13.3

Action                     |  1- 3 |  4- 6 |  7- 9 | 10-12 | 13-15 | 16-18 || total
---------------------------+-------+-------+-------+-------+-------+-------++-------
  Melee: War axe           |   127 |    72 |   239 |   645 |  1251 |   133 ||  2467
         Headbutt          |       |       |       |    62 |   312 |    36 ||   410
 Invoke: Heroism           |       |       |       |    13 |    23 |       ||    36
         Finesse           |       |       |       |       |     2 |       ||     2
    Use: Potion            |     3 |     1 |     3 |     3 |     4 |     1 ||    15
         Scroll            |       |       |    21 |     8 |    22 |       ||    51
   Stab: Petrified         |       |       |       |       |     1 |       ||     1
 Armour: Scale mail        |    53 |    35 |    72 |       |       |       ||   160
         Skin              |     8 |       |       |       |       |       ||     8
         Chain mail        |       |       |    60 |   271 |       |       ||   331
         Pearl dragon scal |       |       |       |    11 |   257 |       ||   268
         Plate armour      |       |       |       |       |   334 |    87 ||   421
  Dodge: Dodged            |    52 |    36 |   137 |   257 |   396 |    28 ||   906
  Block: Buckler           |    33 |     8 |    48 |   204 |   557 |       ||   850
         Reflection        |       |       |       |     1 |    48 |       ||    49
         Tower shield      |       |       |       |       |   253 |   196 ||   449

Table legend: (Time is in decaauts)
 A = Elapsed time spent in this place.
 B = Non-inter-level travel time spent in this place.
 C = Inter-level travel time spent in this place.
 D = Time resting spent in this place.
 E = Time spent auto-exploring this place.
 F = Levels seen in this place.
 G = Mean time per level.
                   A        B        C        D        E       F      G
               +--------+--------+--------+--------+--------+-----+--------+
         Total |  32024 |  30557 |   1467 |   9767 |  14928 |  30 | 1067.5 |
       Dungeon |  17334 |  16360 |    974 |   3862 |   9765 |  15 | 1155.6 |
        Temple |    197 |    173 |     24 |      0 |    156 |   1 |  197.0 |
          Lair |   6290 |   5946 |    344 |   1516 |   3333 |   5 | 1258.0 |
   Spider Nest |    975 |    967 |      8 |    254 |    453 |   2 |  487.5 |
  Orcish Mines |   4448 |   4333 |    115 |   2799 |    690 |   2 | 2224.0 |
   Elven Halls |     87 |     87 |      0 |     17 |      0 |   1 |   87.0 |
         Abyss |   1318 |   1318 |      0 |    962 |     83 |   1 | 1318.0 |
         Sewer |    780 |    780 |      0 |    164 |    308 |   1 |  780.0 |
        Bailey |     47 |     47 |      0 |      0 |      0 |   1 |   47.0 |
      Gauntlet |    545 |    545 |      0 |    192 |    139 |   1 |  545.0 |
               +--------+--------+--------+--------+--------+-----+--------+

Top non-repeatable levels by time:
   Orc:1: 2618 daAuts
     D:6: 2414 daAuts
   Orc:2: 1830 daAuts
  Lair:5: 1767 daAuts
     D:7: 1677 daAuts
     D:5: 1319 daAuts
 Abyss:1: 1318 daAuts
  Lair:1: 1297 daAuts
    D:10: 1234 daAuts
     D:4: 1199 daAuts
  Lair:2: 1183 daAuts
    D:12: 1176 daAuts
     D:3: 1080 daAuts
  Lair:4: 1046 daAuts
    D:13: 1042 daAuts
